 Dungeon Crawl Stone Soup version 0.32-a0-900-g30fb1b0edc (webtiles) character file.

Game seed: 2342329343497148858

529613 nel the Merfolkian Porcupine (level 25, -5/214 HPs)
             Began as a Merfolk Gladiator on Apr 5, 2024.
             Was a High Priest of Okawaru.
             Killed from afar by a white draconian stormcaller (38 damage)
             ... on level 2 of the Realm of Zot on Apr 11, 2024.
             The game lasted 04:11:32 (56590 turns).

nel the Merfolkian Porcupine (Merfolk Gladiator)   Turns: 56590, Time: 04:11:32

Health: -5/214     AC: 29    Str: 26    XL:     25   Next: 59%
Magic:  0/35       EV: 25    Int:  2    God:    Okawaru [*****.]
Gold:   5768       SH:  0    Dex: 19    Spells: 19/24 levels left

rFire   + + .        O - +5 Lochaber axe {reach-cleave, Poleaxe ^Drain}
rCold   + + .        (shield currently unavailable)
rNeg    . . .        P - +0 fire dragon scales "Lituang" {rElec rF++ rC- Str+3 Int-2 Slay+5}
rPois   .            U - +2 helmet {SInv}
rElec   +            y - +2 cloak {Will+}
rCorr   +            E - +2 pair of gloves {infuse}
SInv    +            V - +2 pair of boots
Will    ++...        x - amulet of guardian spirit Stlth
                     q - ring "Sogajez" {rC+++ rCorr Int-3 Slay+5 SInv}
HPRegen 0.55/turn    X - ring of the Tortoise {AC+8}
MPRegen 0.24/turn

%: guardian spirit
@: studying 2 skills
A: (nimble swimmer 2), mertail, screaming 1
}: 3/15 runes: decaying, serpentine, silver
a: Renounce Religion, Heroism, Finesse, Duel


You were on level 2 of the Realm of Zot.
You worshipped Okawaru.
Okawaru was extremely pleased with you.
You visited 10 branches of the dungeon, and saw 43 of its levels.
You also visited: Bailey.

You collected 7611 gold pieces.
You spent 1843 gold pieces at shops.

Inventory:

Hand Weapons
 r - the +8 trident of Gozag, Lusting {drain, rC+ rCorr Dex+3}
   (You took it off an orc on level 5 of the Vaults)

   Dex+3:     It affects your dexterity (+3).
   rC+:       It protects you from cold.
   rCorr:     It protects you from acid and corrosion.
 O - the +5 Lochaber axe (weapon) {reach-cleave, Poleaxe ^Drain}
   (Okawaru gifted it to you on level 1 of the Lair of Beasts)

   Poleaxe:   It uses either Axes or Polearms skill, whichever is higher.
   ^Drain:    It drains your maximum health when unequipped.
 W - a +9 trishula of holy wrath
Missiles
 b - 56 poisoned darts
 d - 4 throwing nets
 e - 29 javelins
 l - 4 silver javelins (quivered)
 t - 17 boomerangs
 z - 8 datura-tipped darts
 L - 31 curare-tipped darts
 T - 27 atropa-tipped darts
Armour
 y - a +2 cloak of willpower (worn)
 C - the orb of Infinity {light, Int+6 Stlth-}
   (You took it off Frederick on level 3 of the Vaults)

   Int+6:     It affects your intelligence (+6).
   Stlth-:    It makes you less stealthy.
 D - a +2 pair of gloves of strength
 E - a +2 pair of gloves of infusion (worn)
 P - the +0 fire dragon scales "Lituang" (worn) {rElec rF++ rC- Str+3 Int-2 Slay+5}
   (You took it off an orc on level 5 of the Vaults)

   Str+3:     It affects your strength (+3).
   Int-2:     It affects your intelligence (-2).
   Slay+5:    It affects your accuracy & damage with ranged weapons and melee
   (+5).
   rF++:      It greatly protects you from fire.
   rC-:       It makes you vulnerable to cold.
   rElec:     It insulates you from electricity.
 U - a +2 helmet of see invisible (worn)
 V - a +2 pair of boots (worn)
 Z - the +0 toga "Victory" {*Victory Clar}
   (You found it on level 1 of the Lair of Beasts)

   *Victory:  When the wearer kills a threatening monster, it has a chance to
   gain +1 AC, +1 Slay, and +1 Int, capping at +7.
   When the wearer uses a scroll or a potion with a hostile monster in sight,
   its bonuses reset to +0.
   Unequipping it also resets its bonuses to +0.
   Clar:      It protects you from confusion, rage, mesmerisation and fear.
Jewellery
 q - the ring "Sogajez" (left hand) {rC+++ rCorr Int-3 Slay+5 SInv}
   (You found it on level 2 of the Vaults)

   [ring of see invisible]

   Int-3:     It affects your intelligence (-3).
   Slay+5:    It affects your accuracy & damage with ranged weapons and melee
   (+5).
   rC+++:     It renders you almost immune to cold.
   SInv:      It lets you see invisible.
   rCorr:     It protects you from acid and corrosion.
 x - an amulet of guardian spirit (around neck)
 R - the ring "Lariatit" {rF+ rC+ Int+3}
   (You found it on level 5 of the Vaults)

   [ring of protection from fire]

   Int+3:     It affects your intelligence (+3).
   rF+:       It protects you from fire.
   rC+:       It protects you from cold.
 X - the ring of the Tortoise (right hand) {AC+8}
   (You found it on level 2 of the Depths)

   [ring of protection]

   AC+8:      It affects your AC (+8).
 Y - the ring "Oloitod" {rF- rC- rCorr MP+9 Slay+5}
   (You found it on level 1 of the Snake Pit)

   [ring of magical power]

   Slay+5:    It affects your accuracy & damage with ranged weapons and melee
   (+5).
   rF-:       It makes you vulnerable to fire.
   rC-:       It makes you vulnerable to cold.
   MP+9:      It affects your magic capacity (+9).
   rCorr:     It protects you from acid and corrosion.
Wands
 a - a wand of quicksilver (30)
 F - a wand of warping (22)
Scrolls
 c - a scroll of enchant armour
 f - 9 scrolls of revelation
 j - 4 scrolls of immolation
 n - 9 scrolls of poison
 o - 17 scrolls of teleportation
 s - 7 scrolls of fear
 v - 4 scrolls of blinking
 w - 7 scrolls of fog
 B - 9 scrolls of vulnerability
 N - 3 scrolls of butterflies
 S - a scroll of silence
Potions
 g - 3 potions of ambrosia
 h - 14 potions of haste
 i - 7 potions of mutation
 k - 7 potions of heal wounds
 m - 4 potions of resistance
 p - 8 potions of might
 u - 10 potions of curing
 A - 2 potions of cancellation
 G - 3 potions of brilliance
 H - 6 potions of invisibility
 I - 4 potions of magic
 K - 6 potions of lignification
 M - 3 potions of berserk rage
 Q - a potion of enlightenment
Miscellaneous
 J - a lightning rod (4/4)


   Skills:
 + Level 21.2 Fighting
 O Level 27 Polearms
 + Level 17.3 Throwing
 - Level 3.1 Armour
 + Level 26.0 Dodging
 - Level 20.3 Alchemy
 + Level 17.4 Invocations


You had 19 spell levels left.
You knew the following spells:

 Your Spells              Type           Power      Damage    Failure   Level
a - Alistair's Intoxicat  Alch           5%         N/A       1%          5

Your spell library contained the following spells:

 Spells                   Type           Power      Damage    Failure   Level
 Sting                    Conj/Alch      16%        1d4       2%          1
 Cigotuvi's Dreadful Rot  Necr/Alch/Air  4%         N/A       17%         2
 Fulminant Prism          Conj/Alch      2%         3d5       28%         4
 Ignite Poison            Fire/Alch      4%         N/A       28%         4
 Leda's Liquefaction      Alch/Erth      2%         N/A       28%         4
 Petrify                  Alch/Erth      4%         N/A       28%         4
 Sticky Flame             Fire/Alch      4%         2d4       28%         4
 Apportation              Tloc           0%         N/A       87%         1
 Foxfire                  Conj/Fire      0%         2x1d4     87%         1
 Freeze                   Ice            0%         1d3       87%         1
 Kiss of Death            Conj/Necr      0%         2d5       87%         1
 Magic Dart               Conj           0%         1d3       87%         1
 Necrotise                Necr           0%         1d4       87%         1
 Shock                    Conj/Air       0%         1d3       87%         1
 Blink                    Tloc           0%         N/A       95%         2
 Jinxbite                 Hex            0%         N/A       95%         2
 Lesser Beckoning         Tloc           0%         N/A       95%         2
 Momentum Strike          Conj/Tloc      0%         3d8       95%         2
 Searing Ray              Conj           0%         2d4       95%         2
 Static Discharge         Conj/Air       0%         3-3/arc   95%         2
 Sublimation of Blood     Necr           0%         N/A       95%         2
 Confusing Touch          Hex            0%         N/A       99%         3
 Frozen Ramparts          Ice            0%         1d1       99%         3
 Hailstorm                Conj/Ice       0%         3d5       99%         3
 Inner Flame              Hex/Fire       0%         N/A       99%         3
 Maxwell's Portable Pile  Tloc           0%         2d(5-13)  99%         3
 Ozocubu's Armour         Ice            0%         N/A       99%         3
 Passwall                 Erth           0%         N/A       99%         3
 Swiftness                Air            0%         N/A       99%         3
 Teleport Other           Tloc           0%         N/A       99%         3
 Volatile Blastmotes      Fire/Tloc      0%         2d10      99%         3
 Airstrike                Air            0%         2d(0-16)  100%        4
 Dispel Undead            Necr           0%         3d6       100%        4
 Flame Wave               Conj/Fire      0%         2d4       100%        4
 Iskenderun's Mystic Bla Conj/Tloc 0%             2d3        (+2d1     100%        4
 Passage of Golubria      Tloc           0%         N/A       100%        4
 Vhi's Electric Charge    Tloc/Air       0%         N/A       100%        4
 Arcjolt                  Conj/Air       0%         1d10      100%        5
 Freezing Cloud           Conj/Ice/Air   0%         6-21      100%        5
 Iskenderun's Battlesphe  Conj           0%         2d6       100%        5
 Metabolic Englaciation   Hex/Ice        0%         N/A       100%        5
 Silence                  Hex/Air        0%         N/A       100%        5
 Bombard                  Conj/Erth      0%         9d1       100%        6
 Dispersal                Tloc           0%         N/A       100%        6
 Gell's Gavotte           Tloc           0%         2d(11-16) 100%        6
 Plasma Beam              Fire/Air       0%         2x1d10    100%        6
 Starburst                Conj/Fire      0%         6d3       100%        6
 Ozocubu's Refrigeration  Ice            0%         4d7       100%        7
 Lehudib's Crystal Spear  Conj/Erth      0%         10d2      100%        8
 Maxwell's Capacitive Co  Air            0%         ∞         100%        8
 Polar Vortex             Ice            0%         N/A       100%        9
 Summon Small Mammal      Summ           Unusable   N/A       N/A         1
 Call Imp                 Summ           Unusable   N/A       N/A         2
 Sculpt Simulacrum        Ice/Alch       Unusable   N/A       N/A         6
 Spellforged Servitor     Conj/Summ      Unusable   N/A       N/A         7
 Summon Hydra             Summ           Unusable   N/A       N/A         7

Dungeon Overview and Level Annotations

Branches:
Dungeon (15/15)            Temple (1/1) D:6            Lair (5/5) D:9
  Swamp (4/4) Lair:2        Snake (4/4) Lair:3        Slime (0/5) Lair:5
    Orc (2/2) D:10            Elf (0/3) Orc:2        Vaults (5/5) D:14
  Crypt (1/3) Vaults:3     Depths (4/4) D:15            Zot (2/5) Depths:4
 Bailey (visited)

Altars:
Ashenzari
Cheibriados
Dithmenos
Elyvilon
Fedhas
Gozag
Hepliaklqana
Kikubaaqudgha
Makhleb
Nemelex Xobeh
Okawaru
Qazlal
Ru
Sif Muna
Trog
Uskayaw
Vehumet
Wu Jian
Xom
Yredelemnul
Zin
The Shining One
Beogh
Jiyva

Shops:
D:3 (   D:9 *   D:10 :   D:13 *   Orc:2 [[(*   Snake:1 *   Snake:4 ?
Depths:2 *   Depths:4 ?*

Portals:
Hell: Lair:5 Depths:1 Depths:2 Depths:3 Depths:4
Abyss: Depths:3
Pandemonium: Depths:2
Ziggurat: Depths:3


Innate Abilities, Weirdness & Mutations

((You are very nimble when in or above water. (Stealth+, EV+, Speed+++)))
Your lower body shifts to a powerful aquatic tail in water.
You occasionally shout uncontrollably at your foes.


Message History

You feel very mighty all of a sudden. The golden dragon bites you!
* * * LOW HITPOINT WARNING * * *
The golden dragon misses you.
The golden dragon tramples you but does no damage.
The purple draconian shifter gestures at you while chanting.
You blink.
A storm dragon comes into view.
The storm dragon roars deafeningly!
A quicksilver dragon comes into view.
A purple draconian shifter comes into view.
It is wielding a +0 dagger.
The storm dragon breathes lightning at you.
The bolt of lightning hits you! You resist.
* * * LOW HITPOINT WARNING * * *
The purple draconian shifter breathes dispelling energy at you.
The bolt of dispelling energy hits you!!
Your magical effects are unravelling.
* * * LOW HITPOINT WARNING * * *
You hear a deafening roar!
The quicksilver dragon roars deafeningly!
You hear a chilling moan. x2; You hear a roar! x2
Okay, then.
You feel much better.
You feel a little less mighty now.
The purple draconian shifter casts a spell at you.
You easily resist.
The purple draconian shifter casts a spell at you.
You blink.
A storm dragon comes into view.
A white draconian stormcaller comes into view.
It is wielding a +0 rapier.
The white draconian stormcaller roars!
A death cob comes into view.
The quicksilver dragon breathes dispelling energy at you.
The bolt of dispelling energy hits you!!
* * * LOW HITPOINT WARNING * * *
The purple draconian shifter mumbles some strange words.
The purple draconian shifter blinks!
The white draconian stormcaller invokes the aid of Qazlal against you.
The cutting wind hits you!!!
You die...

##.......
#......## #.
#.......# # #..
#.#..§#.#. #...
..#.#...#.#...[
#...#.#........
#q# #.#.#......
#.###D#§..D.q..
#.Dd(.(@..#..
######(#§...D..
#.....§..z
#####...Dq
..... .>.. ...
...


You could see a golden dragon, 2 storm dragons, a black draconian, a purple
draconian shifter, a death cob, 2 quicksilver dragons and a white draconian
stormcaller.

Vanquished Creatures
  Frederick (Vaults:3)
  2 dread liches (Vaults:5)
  Mennas (Depths:3)
  Mara (Vaults:3)
  An ancient lich (Vaults:5)
  An orb of fire (Zot:1)
  Vashnia (Snake:3)
  Sojobo (Arena)
  The ghost of bananaken the Bludgeoner, a veteran CoBe of Trog (Depths:2)
  The ghost of DimondSprtn the Conqueror, a veteran CoBe of Trog (Depths:2)
  Saint Roka (Vaults:1)
  Bai Suzhen (Snake:3)
  A curse toe (Zot:1)
  Nikola (Snake:4)
  8 golden dragons
  Norris (Vaults:1)
  An iron giant (Depths:2)
  An electric golem (Zot:1)
  The ghost of inkslinger the Slayer, an adept MiBe of Trog (Depths:2)
  The ghost of rbyellow5 the Shatterer, an adept MDFi of the Shining One (Snake:4)
  Rupert (Snake:1)
  11 tentacled monstrosities
  2 liches
  9 titans
  Asterion (Snake:3)
  4 quicksilver dragons
  6 death cobs
  The ghost of Xewisus the Warrior, an adept CoBe of Trog (Snake:3)
  Frances (Swamp:2)
  4 sphinxes
  A shadow dragon (Vaults:4)
  Aizul (Snake:2)
  4 tengu reavers
  Donald (Vaults:3)
  4 thorn hunters
  7 storm dragons
  5 nagarajas (Snake:4)
  4 draconian monks (Zot:1)
  3 daevas (Depths:3)
  4 protean progenitors
  7 frost giants
  9 fire giants
  A draconian scorcher (Zot:1)
  2 draconian shifters (Zot:1)
  8 vault wardens
  Louise (Swamp:2)
  3 draconian knights
  3 angels (Depths:3)
  2 balrugs
  A ghost moth (Zot:1)
  3 iron dragons
  A ghoul (Vaults:3)
  An orc warlord (Orc:1)
  4 draconian annihilators (Zot:1)
  2 draconian stormcallers (Zot:1)
  2 quicksilver oozes (Zot:2)
  13 stone giants
  5 ironbound thunderhulks
  14 very ugly things
  A spriggan defender (Depths:2)
  Nessos (Arena)
  16 ironbound preservers
  7 formless jellyfish
  6 vampire knights
  5 black draconians
  3 eleionomae
  7 bunyips
  4 green draconians (Zot:1)
  6 red draconians
  2 war gargoyles
  8 white draconians (Zot:1)
  7 purple draconians
  13 dire elephants
  Azrael (Snake:3)
  8 yellow draconians
  2 eidola (Vaults:1)
  2 green deaths
  14 ettins
  Josephine (D:12)
  The ghost of ezpacito the Cleaver, a journeyman CoCK of Xom (D:13)
  2 deep elf high priests (Vaults:5)
  9 yaktaur captains
  10 fire dragons
  2 shambling mangroves
  4 rakshasas
  A merfolk impaler (Depths:1)
  An entropy weaver (Vaults:2)
  7 great orbs of eyes
  2 peacekeepers
  The ghost of pokedragonboy the Prestidigitator, a journeyman CoAr of Gozag (D:10)
  18 hydras
  A hell beast (Depths:2)
  27 vault guards
  3 catoblepae
  7 salamander tyrants
  11 centaur warriors
  8 ironbound frosthearts
  7 ice dragons
  7 boulder beetles
  A death knight (D:14)
  2 ghost crabs (Swamp:2)
  15 anacondas
  3 ogre magi
  Erica (Lair:2)
  10 alligators
  11 two-headed ogres
  2 jorogumos (Zot:1)
  5 tengu warriors
  8 death yaks
  11 deep troll earth magi
  5 shock serpents
  A spectral salamander (Snake:3)
  9 deep troll shamans
  12 naga warriors
  3 orc high priests
  14 naga sharpshooters
  Sonja (D:10)
  An occultist (Depths:2)
  10 hell knights
  Urug (D:12)
  13 spriggans
  3 sun demons
  5 skysharks
  12 iron trolls
  3 skeletal warriors
  A death drake (shapeshifter) (Depths:3)
  A glowing orange brain (Depths:3)
  4 salamander mystics
  8 spriggan druids
  A storm dragon skeleton (Vaults:5)
  2 flayed ghosts (Depths:1)
  6 cherubim (Depths:3)
  7 goliath frogs
  9 naga ritualists
  10 mana vipers
  A glowing orange brain (shapeshifter) (Vaults:5)
  4 phantasmal warriors
  57 deep trolls
  A sun moth (shapeshifter) (Vaults:5)
  12 swamp dragons
  20 ironbound convokers
  6 arcanists
  A bog body (Swamp:1)
  Pikel (D:7)
  14 orc knights
  5 deep elf pyromancers
  A deep elf zephyrmancer (Depths:2)
  4 lindwurms
  9 harpies
  4 necromancers
  3 obsidian bats
  A harpy (shapeshifter) (D:13)
  2 oklob plants
  2 manticores (D:13)
  A frost giant zombie (Vaults:5)
  12 moths of wrath
  A shining eye (shapeshifter) (Depths:3)
  8 orc sorcerers
  45 ugly things
  5 will-o-the-wisps
  3 cyclopes
  18 salamanders
  A spectral mana viper (Snake:3)
  8 kobold blastminers (Orc:2)
  13 naga magi
  39 black mambas
  6 guardian serpents
  3 torpor snails
  A guardian serpent (shapeshifter) (Vaults:5)
  A human skeleton (Vaults:5)
  An eye of devastation (shapeshifter) (Vaults:5)
  25 vault sentinels
  2 smoke demons
  6 gargoyles
  4 orange demons (Lair:5)
  18 cane toads
  2 unseen horrors
  Maggie (D:10)
  21 komodo dragons
  2 freezing wraiths (D:14)
  4 rime drakes
  16 yaktaurs
  6 tengu conjurers
  2 kobold demonologists
  4 red devils
  2 bloated husks
  3 polar bears
  7 tyrant leeches
  8 trolls
  17 hornets
  A glass eye (Depths:3)
  16 blink frogs
  9 dream sheep
  A human simulacrum (Vaults:5)
  16 slime creatures
  A vampire (Bailey)
  3 air elementals (Depths:2)
  2 shadows (D:8)
  3 fire elementals (Snake:3)
  9 wraiths
  33 yaks
  4 water elementals (Depths:1)
  A ynoxinul (Depths:2)
  8 humans (D:14)
  4 wyverns
  6 basilisks
  A golden eye (D:11)
  16 wargs
  12 vampire mosquitoes
  3 steam dragons
  13 swamp worms
  3 acid dragons
  26 nagas
  22 water moccasins
  9 hell hounds
  2 spectral nagas (Snake:3)
  2 swamp worms (shapeshifter)
  2 sky beasts (D:7)
  A guardian serpent simulacrum (Snake:3)
  43 orc warriors
  A black bear (D:6)
  22 wolves
  2 black mamba simulacra (Snake:3)
  13 swamp drakes
  2 ice beasts
  10 boggarts
  12 ogres
  A phantom (D:6)
  12 centaurs
  4 lemures
  5 kobold brigands
  9 bullfrogs
  A brain worm (shapeshifter) (Vaults:5)
  2 earth elementals (Depths:2)
  3 gnoll sergeants
  3 naga simulacra (Snake:3)
  3 scorpions
  9 killer bees
  5 vampire bats (Bailey)
  An electric eel (Orc:2)
  2 howler monkeys
  8 wolf zombies (Bailey)
  A bombardier beetle (D:5)
  3 hounds
  Crazy Yiuf (D:3)
  22 orc priests
  2 gnoll boudas
  2 jellies (D:7)
  Jessica (D:3)
  13 iguanas
  A sleepcap (D:6)
  27 orc wizards
  6 hell rats (Lair:1)
  Robin (D:2)
  21 gnolls
  2 adders
  A shadow imp (D:5)
  2 white imps (D:5)
  4 ufetubi (D:6)
  3 ribbon worms
  103 orcs
  6 ball pythons
  7 endoplasms
  14 goblins
  15 hobgoblins
  4 jackals (D:3)
  4 quokkas (D:2)
  8 bats
  10 frilled lizards
  22 kobolds
  18 orc zombies (Bailey)
  6 rats
  An aspiring flesh (Zot:1)
  4 spectral weapons (Snake:3)
1839 creatures vanquished.

Vanquished Creatures (others)
  A vault guard (D:14)
  A naga warrior (Snake:4)
  An ugly thing (Depths:1)
  A black mamba (Snake:3)
  A naga mage (Snake:4)
  2 vampire mosquitoes
  A naga (Snake:4)
  A swamp worm (Swamp:2)
  An orc warrior (Vaults:5)
  12 foxfires
22 creatures vanquished.

Grand Total: 1861 creatures vanquished

Notes
Turn   | Place    | Note
-------+----------+-------------------------------------------
     0 | D:1      | nel the Merfolk Gladiator began the quest for the Orb.
     0 | D:1      | Reached XP level 1. HP: 16/16 MP: 1/1
   228 | D:1      | Reached XP level 2. HP: 15/22 MP: 2/2
   446 | D:1      | Reached skill level 5 in Polearms
   446 | D:1      | Reached XP level 3. HP: 14/27 MP: 3/3
  1070 | D:2      | Found a shadowy altar of Dithmenos.
  1099 | D:2      | Noticed Robin
  1123 | D:2      | Killed Robin
  1124 | D:2      | Reached XP level 4. HP: 12/33 MP: 4/4
  1334 | D:2      | Reached skill level 5 in Dodging
  1592 | D:3      | Found Neonuph's Antique Weapon Boutique.
  1747 | D:3      | Noticed Jessica
  1751 | D:3      | Reached skill level 6 in Polearms
  1762 | D:3      | Killed Jessica
  1763 | D:3      | Reached XP level 5. HP: 38/38 MP: 5/5
  1893 | D:3      | Found a runed translucent door.
  1894 | D:3      | Noticed Crazy Yiuf
  1911 | D:3      | Killed Crazy Yiuf
  2311 | D:4      | Reached skill level 7 in Polearms
  2311 | D:4      | Reached XP level 6. HP: 30/44 MP: 4/6
  2695 | D:5      | Entered Level 5 of the Dungeon
  2851 | D:5      | Reached XP level 7. HP: 39/50 MP: 7/7
  2980 | D:5      | Reached skill level 8 in Polearms
  3349 | D:3      | Bought a glowing trident for 188 gold pieces
  3662 | D:6      | Reached skill level 9 in Polearms
  3665 | D:6      | Reached XP level 8. HP: 41/56 MP: 4/8
  3846 | D:6      | Noticed a yak
  3846 | D:6      | Noticed a yak
  3846 | D:6      | Noticed a yak
  3846 | D:6      | Noticed a yak
  3887 | D:5      | Killed a yak
  4071 | D:6      | Found a staircase to the Ecumenical Temple.
  4084 | D:6      | Reached skill level 10 in Polearms
  4109 | Temple   | Entered the Ecumenical Temple
  4115 | Temple   | Became a worshipper of Warmaster Okawaru
  4174 | D:6      | Reached skill level 5 in Throwing
  4323 | D:7      | Found a flagged portal.
  4331 | Bailey   | Entered a bailey
  4410 | Bailey   | Reached * piety under Okawaru
  4448 | Bailey   | Reached skill level 11 in Polearms
  4458 | Bailey   | Reached XP level 9. HP: 56/61 MP: 7/9
  4577 | Bailey   | Noticed a gargoyle
  4594 | Bailey   | Killed a gargoyle
  4773 | Bailey   | Reached skill level 12 in Polearms
  4959 | D:7      | Reached ** piety under Okawaru
  5148 | D:7      | Noticed Pikel
  5502 | D:7      | Killed Pikel
  5503 | D:7      | Reached skill level 13 in Polearms
  5503 | D:7      | Reached skill level 10 in Dodging
  5503 | D:7      | Reached XP level 10. HP: 67/67 MP: 10/10
  5760 | D:7      | Reached *** piety under Okawaru
  5877 | D:8      | Reached skill level 14 in Polearms
  6170 | D:8      | Reached **** piety under Okawaru
  6171 | D:8      | Reached skill level 1 in Invocations
  6318 | D:8      | Found the +5 robe of Night {Dark Will+ SInv}
  6807 | D:9      | Found a staircase to the Lair.
  6825 | D:9      | Identified a scroll of acquirement
  6825 | D:9      | Acquired the +9 bardiche of Vokk {antimagic, Str+2 SInv
                  | Stlth+}
  6883 | D:9      | Reached skill level 15 in Polearms
  6885 | D:9      | Reached XP level 11. HP: 50/75 MP: 2/12
  7024 | D:9      | Found Emexaew's Assorted Antiques.
  7044 | D:9      | Paralysed by a hornet for 2 turns
  7108 | D:9      | Noticed a cyclops
  7121 | D:9      | Killed a cyclops
  7559 | D:10     | Entered Level 10 of the Dungeon
  7563 | D:10     | Reached ***** piety under Okawaru
  7645 | D:10     | Noticed Maggie
  7655 | D:10     | Killed Maggie
  7762 | D:10     | Noticed Sonja
  7772 | D:10     | Killed Sonja
  7772 | D:10     | Received a gift from Okawaru
  7951 | D:10     | Found Ylumitt's Book Shoppe.
  7984 | D:10     | Reached skill level 16 in Polearms
  7990 | D:10     | Reached skill level 5 in Fighting
  8048 | D:10     | Noticed a two-headed ogre
  8052 | D:10     | Killed a two-headed ogre
  8126 | D:10     | Noticed a moth of wrath
  8128 | D:10     | Noticed a four-headed hydra
  8146 | D:10     | Found a transporter.
  8172 | D:10     | Found a transporter.
  8175 | D:10     | Noticed pokedragonboy's ghost (journeyman CoAr)
  8198 | D:10     | Found a shimmering blue altar of Sif Muna.
  8282 | D:10     | Found a roughly hewn altar of Beogh.
  8283 | D:10     | Found a staircase to the Orcish Mines.
  8297 | Orc:1    | Entered Level 1 of the Orcish Mines
  8297 | Orc:1    | Noticed an obsidian bat
  8303 | Orc:1    | Killed an obsidian bat
  8461 | Orc:2    | Entered Level 2 of the Orcish Mines
  8472 | Orc:2    | Noticed an orc sorcerer
  8526 | Orc:2    | Killed an orc sorcerer
  8530 | Orc:2    | Found a roughly hewn altar of Beogh.
  8548 | Orc:2    | Reached XP level 12. HP: 72/86 MP: 3/15
  8572 | Orc:2    | Noticed an orc high priest
  8584 | Orc:2    | Killed an orc high priest
  8585 | Orc:2    | Reached skill level 5 in Invocations
  8605 | Orc:2    | Found a roughly hewn altar of Beogh.
  8688 | Orc:2    | Found Conynaigg's Assorted Antiques.
  8817 | Orc:2    | Received a gift from Okawaru
  8880 | Orc:2    | Reached skill level 17 in Polearms
  9054 | Orc:2    | Found a staircase to the Elven Halls.
  9867 | Orc:2    | Found a roughly hewn altar of Beogh.
  9871 | Orc:2    | Found Fyuwnuma's Armour Boutique.
  9907 | Orc:2    | Noticed an orc high priest
  9911 | Orc:2    | Killed an orc high priest
  9915 | Orc:2    | Found Nyaly's Antique Armour Emporium.
  9916 | Orc:2    | Found Jugi Wiu's Antique Weapon Shoppe.
  9916 | Orc:2    | Found a roughly hewn altar of Beogh.
  9969 | Orc:2    | Reached ****** piety under Okawaru
  9969 | Orc:2    | Received a gift from Okawaru
  9971 | Orc:2    | Found a roughly hewn altar of Beogh.
  9980 | Orc:2    | Acquired the +0 scale mail "Foth" {rPois rC+ rN+ Int-5}
  9980 | Orc:2    | Received a gift from Okawaru
 10187 | Orc:2    | Reached skill level 18 in Polearms
 10190 | Orc:2    | Reached skill level 10 in Throwing
 10443 | Orc:1    | Reached XP level 13. HP: 59/96 MP: 4/17
 11234 | Orc:2    | Received a gift from Okawaru
 11364 | Orc:2    | Noticed an orc warlord
 11680 | Orc:1    | Killed an orc warlord
 12115 | Orc:2    | Bought a glowing helmet for 180 gold pieces
 12115 | Orc:2    | Bought a pair of runed boots for 180 gold pieces
 12229 | Lair:1   | Entered Level 1 of the Lair of Beasts
 12553 | Lair:1   | Received a gift from Okawaru
 12559 | Lair:1   | Acquired the +5 Lochaber axe {reach-cleave, Poleaxe ^Drain}
 12559 | Lair:1   | Received a gift from Okawaru
 12559 | Lair:1   | Found the +5 Lochaber axe {reach-cleave, Poleaxe ^Drain}
 12932 | Lair:1   | Reached skill level 19 in Polearms
 12946 | Lair:1   | Found the +0 toga "Victory" {*Victory Clar}
 14037 | Lair:2   | Received a gift from Okawaru
 14174 | Lair:2   | Reached XP level 14. HP: 106/106 MP: 20/20
 14248 | Lair:2   | Found a staircase to the Swamp.
 14249 | Lair:2   | Noticed Erica
 14258 | Lair:2   | Killed Erica
 14842 | Lair:3   | Reached skill level 20 in Polearms
 14887 | Lair:3   | Received a gift from Okawaru
 15312 | Lair:3   | Found a staircase to the Snake Pit.
 15555 | Snake:1  | Entered Level 1 of the Snake Pit
 15860 | Lair:4   | Received a gift from Okawaru
 16037 | Lair:5   | Entered Level 5 of the Lair of Beasts
 16197 | Lair:5   | Noticed Nessos
 16199 | Arena    | Entered the Arena
 16211 | Arena    | Killed Nessos
 16212 | Arena    | Reached skill level 15 in Dodging
 16272 | Lair:5   | Reached skill level 10 in Fighting
 16541 | Lair:4   | Received a gift from Okawaru
 17176 | Lair:5   | Reached skill level 21 in Polearms
 17180 | Lair:5   | Reached XP level 15. HP: 113/115 MP: 22/22
 17286 | Lair:5   | Found a staircase to the Slime Pits.
 17345 | Lair:5   | Found a viscous altar of Jiyva.
 17558 | Lair:5   | Received a gift from Okawaru
 17575 | Lair:5   | Reached skill level 10 in Invocations
 17759 | Lair:5   | Found a burning altar of Makhleb.
 18095 | Lair:5   | Found a gateway to Hell.
 18915 | D:10     | Received a gift from Okawaru
 18929 | D:10     | Killed pokedragonboy's ghost
 18936 | D:10     | Identified the ring of Zocsuwui {Fire Str+4}
 19167 | D:11     | Noticed Maurice
 19172 | D:11     | Maurice changed into Maurice the golden eye
 19172 | D:11     | Noticed Maurice
 19177 | D:11     | Killed Maurice the golden eye
 20016 | D:12     | Noticed Josephine
 20024 | D:12     | Reached skill level 22 in Polearms
 20026 | D:12     | Killed Josephine
 20043 | D:12     | Noticed Urug
 20049 | D:12     | Killed Urug
 20572 | D:12     | Identified the +0 cloak of the Lotus Blossom {rPois MP-9
                  | Dex+3 Stlth+}
 20594 | D:12     | Received a gift from Okawaru
 21208 | D:13     | Reached XP level 16. HP: 106/126 MP: 21/23
 21350 | D:13     | Found a runed translucent gate.
 21350 | D:13     | Found a runed translucent gate.
 21350 | D:13     | Found a runed translucent gate.
 21353 | D:13     | Noticed ezpacito's ghost (journeyman CoCK)
 21625 | D:13     | Found Plog's Assorted Antiques.
 21968 | D:14     | Received a gift from Okawaru
 22281 | D:14     | Found a gate to the Vaults.
 22614 | D:14     | Reached skill level 23 in Polearms
 23034 | D:15     | Entered Level 15 of the Dungeon
 23103 | D:15     | Received a gift from Okawaru
 23493 | D:15     | Found a staircase to the Depths.
 23922 | D:15     | Found a sacrificial altar of Ru.
 24316 | Snake:1  | Received a gift from Okawaru
 24875 | Snake:1  | Found a runed translucent door.
 24931 | Snake:1  | Noticed Rupert
 24942 | Snake:1  | Killed Rupert
 25287 | Snake:1  | Found Eaew's Eclectic Emporium.
 25297 | Snake:1  | Bought a potion of experience for 700 gold pieces
 25306 | Snake:1  | Reached skill level 24 in Polearms
 25306 | Snake:1  | Reached XP level 17. HP: 135/135 MP: 15/24
 25430 | Arena    | Entered the Arena
 25457 | Snake:1  | Received a gift from Okawaru
 25564 | Snake:1  | Identified the ring "Oloitod" {rF- rC- rCorr MP+9 Slay+5}
 25609 | Snake:2  | Identified the serpent talisman of Hedging {Will+ rCorr}
 25609 | Snake:2  | Noticed Aizul
 25620 | Snake:2  | Killed Aizul
 25621 | Snake:2  | Reached XP level 18. HP: 141/142 MP: 16/25
 26614 | Snake:1  | Bought a scroll of enchant armour for 105 gold pieces
 26652 | Snake:3  | Noticed Asterion
 26652 | Snake:3  | Found an opulent altar of Gozag.
 26667 | Snake:3  | Killed Asterion
 26782 | Snake:3  | Noticed Bai Suzhen
 26793 | Snake:2  | Received a gift from Okawaru
 26819 | Snake:3  | Noticed Vashnia
 27051 | Snake:3  | Killed Vashnia
 27052 | Snake:3  | Reached skill level 25 in Polearms
 27390 | Snake:3  | Killed Bai Suzhen
 27703 | Snake:3  | Found a runed translucent gate.
 27910 | Snake:3  | Found a runed translucent gate.
 27911 | Snake:3  | Noticed Xewisus's ghost (adept CoBe)
 27913 | Snake:3  | Noticed Azrael
 27914 | Snake:3  | Found a runed translucent gate.
 27922 | Snake:3  | Killed Azrael
 28452 | Snake:3  | Killed Xewisus's ghost
 28584 | Snake:4  | Entered Level 4 of the Snake Pit
 28604 | Snake:4  | Received a gift from Okawaru
 28824 | Snake:4  | Found a runed translucent door.
 28825 | Snake:4  | Noticed rbyellow5's ghost (adept MDFi)
 28842 | Snake:4  | Killed rbyellow5's ghost
 28901 | Snake:4  | Found Ycleq's Magic Scroll Emporium.
 29278 | Snake:4  | Reached XP level 19. HP: 146/152 MP: 17/26
 29365 | Snake:4  | Noticed Nikola
 29388 | Snake:4  | Killed Nikola
 29716 | Snake:4  | Received a gift from Okawaru
 29725 | Snake:4  | Reached skill level 26 in Polearms
 30053 | Snake:4  | Found an iron altar of Okawaru.
 30065 | Snake:4  | Reached skill level 15 in Throwing
 30076 | Snake:4  | Got a serpentine rune of Zot
 30659 | Snake:1  | Bought a potion of enlightenment for 70 gold pieces
 30762 | Swamp:1  | Entered Level 1 of the Swamp
 30928 | Swamp:1  | Got Sif Muna's Incunabulum of Hail and the Band
 31149 | Swamp:1  | Received a gift from Okawaru
 31440 | Swamp:2  | Reached skill level 15 in Fighting
 31595 | Swamp:2  | Noticed Frances
 31603 | Swamp:2  | Killed Frances
 31889 | Swamp:2  | Noticed Louise
 31915 | Swamp:2  | Killed Louise
 32077 | Swamp:3  | Received a gift from Okawaru
 32713 | Swamp:4  | Entered Level 4 of the Swamp
 33102 | Swamp:4  | Reached XP level 20. HP: 105/164 MP: 14/27
 33663 | Arena    | Entered the Arena
 33689 | Arena    | Entered the Arena
 33722 | Swamp:3  | Received a gift from Okawaru
 33726 | Swamp:3  | HP: 12/246 [swamp dragon (10)]
 33728 | Swamp:3  | HP: 4/247 [swamp dragon (9)]
 34245 | Swamp:4  | Identified the +3 ring mail of Submission {-Tele rElec
                  | rN+++}
 34288 | Swamp:4  | Got a decaying rune of Zot
 34699 | Vaults:1 | Entered Level 1 of the Vaults
 34774 | D:13     | Found a roughly hewn altar of Beogh.
 34774 | D:13     | Found the +3 hat of Pondering {ponderous, Will+ MP+10
                  | Int+5}
 34805 | D:13     | Killed ezpacito's ghost
 35130 | Vaults:1 | Acquired 930 gold pieces
 35406 | Vaults:1 | Noticed Norris
 35417 | Vaults:1 | Received a gift from Okawaru
 35434 | Vaults:1 | Killed Norris
 35700 | Vaults:1 | Learned a level 5 spell: Alistair's Intoxication
 35852 | Vaults:1 | Reached skill level 1 in Alchemy
 35918 | Vaults:1 | Received a gift from Okawaru
 35958 | Vaults:1 | Noticed Saint Roka
 35988 | Vaults:1 | Killed Saint Roka
 36192 | Vaults:1 | Identified the +0 leather armour of Qosh {rC- Will+ rCorr
                  | Str+3 Stlth+}
 36654 | Vaults:2 | Identified the ring "Sogajez" {rC+++ rCorr Int-3 Slay+5
                  | SInv}
 36841 | Vaults:2 | Reached skill level 5 in Alchemy
 36871 | Vaults:2 | Reached XP level 21. HP: 146/176 MP: 15/28
 37395 | Vaults:2 | Received a gift from Okawaru
 38067 | Vaults:3 | Noticed Mara
 38074 | Vaults:3 | Noticed Donald
 38079 | Vaults:3 | Killed Donald
 38080 | Vaults:3 | Killed Mara
 38349 | Vaults:3 | Identified the orb of Infinity {light, Int+6 Stlth-}
 38349 | Vaults:3 | Noticed Frederick
 38360 | Vaults:3 | Killed Frederick
 38361 | Vaults:3 | Reached skill level 10 in Alchemy
 38447 | Vaults:3 | Received a gift from Okawaru
 39367 | Vaults:3 | Found a staircase to the Crypt.
 39515 | Vaults:4 | Paralysed by a sphinx for 4 turns
 39987 | Vaults:4 | Paralysed by a formless jellyfish for 1 turns
 40199 | Vaults:4 | Received a gift from Okawaru
 40748 | Vaults:5 | Entered Level 5 of the Vaults
 40755 | Vaults:5 | Reached XP level 22. HP: 143/183 MP: 7/31
 40756 | Vaults:5 | Received a gift from Okawaru
 40789 | Vaults:5 | Noticed a dread lich
 40792 | Vaults:5 | Killed a dread lich
 40804 | Vaults:5 | Noticed a golden dragon
 40805 | Vaults:5 | Noticed a golden dragon
 40813 | Arena    | Entered the Arena
 40821 | Arena    | Killed a golden dragon
 41183 | Vaults:4 | Killed a golden dragon
 41217 | Vaults:5 | Received a gift from Okawaru
 41500 | Vaults:4 | Reached skill level 15 in Alchemy
 42019 | Vaults:5 | Identified the +2 scimitar "Keeg" {protect, +Blink Str+3
                  | Dex+2}
 42191 | Vaults:5 | Received a gift from Okawaru
 42379 | Vaults:5 | Identified the +6 orcbow "Ceutuzximigg" {freeze, ^Drain Fly
                  | Str-3 Int+6}
 42587 | Vaults:5 | Identified the +7 hand axe of Tioqeon {flame, Stlth+}
 42781 | Vaults:5 | Identified the +8 trident of Gozag, Lusting {drain, rC+
                  | rCorr Dex+3}
 42781 | Vaults:5 | Identified the +0 fire dragon scales "Lituang" {rElec rF++
                  | rC- Str+3 Int-2 Slay+5}
 42958 | Vaults:5 | Noticed an ancient lich
 42972 | Vaults:5 | Killed an ancient lich
 43019 | Vaults:5 | Identified the ring "Lariatit" {rF+ rC+ Int+3}
 43162 | Vaults:5 | Noticed a golden dragon
 43168 | Vaults:5 | Killed a golden dragon
 43182 | Vaults:5 | Reached skill level 27 in Polearms
 43419 | Vaults:5 | Identified the +0 mace of the Forsaken Wonders {protect,
                  | rElec rF+ rN+}
 43422 | Vaults:5 | Got Gomim's Reference Book on White Weather
 43424 | Vaults:5 | Got a silver rune of Zot
 43605 | Vaults:5 | Noticed a dread lich
 43611 | Vaults:5 | Killed a dread lich
 43611 | Vaults:5 | Received a gift from Okawaru
 43612 | Vaults:5 | Reached XP level 23. HP: 192/192 MP: 33/33
 43906 | Vaults:5 | Identified the staff of the Old World {rF+ rN+ Str-4 Hexes
                  | Necro Alchemy}
 44306 | Depths:1 | Entered Level 1 of the Depths
 44700 | D:15     | Received a gift from Okawaru
 45497 | Depths:1 | Received a gift from Okawaru
 46068 | Depths:2 | Found a runed translucent door.
 46384 | Depths:2 | Reached skill level 15 in Invocations
 46599 | Depths:2 | Found Kyblelitz's Pet Rocks.
 46737 | Depths:2 | Received a gift from Okawaru
 46949 | Depths:2 | Found a one-way gate leading to the halls of Pandemonium.
 47298 | Depths:2 | Paralysed by an air elemental for 1 turns
 47424 | Depths:2 | Paralysed by an air elemental for 1 turns
 47669 | Depths:2 | Noticed DimondSprtn's ghost (veteran CoBe)
 47687 | Depths:2 | Killed DimondSprtn's ghost
 47808 | Depths:2 | Found a runed translucent door.
 47808 | Depths:2 | Noticed inkslinger's ghost (adept MiBe)
 47808 | Depths:2 | Noticed a golden dragon
 47809 | Depths:2 | Found the ring of the Tortoise {AC+8}
 47816 | Depths:2 | Killed a golden dragon
 47826 | Depths:2 | Killed inkslinger's ghost
 47827 | Depths:2 | Reached XP level 24. HP: 181/203 MP: 24/34
 47911 | Depths:2 | Found a runed translucent door.
 47911 | Depths:2 | Noticed bananaken's ghost (veteran CoBe)
 47939 | Depths:2 | Killed bananaken's ghost
 48434 | Depths:2 | Received a gift from Okawaru
 48904 | Depths:3 | Found a one-way gate to the infinite horrors of the Abyss.
 49007 | Depths:3 | Noticed Sojobo
 49013 | Arena    | Entered the Arena
 49021 | Arena    | Killed Sojobo
 49224 | Depths:3 | Received a gift from Okawaru
 49452 | Depths:3 | Found a one-way gateway to a ziggurat.
 49874 | Depths:3 | Found a glowing silver altar of Zin.
 49874 | Depths:3 | Noticed Mennas
 49900 | Depths:3 | Killed Mennas
 50412 | Depths:4 | Entered Level 4 of the Depths
 50416 | Depths:4 | Found a snail-covered altar of Cheibriados.
 50845 | Depths:4 | Found a gate to the Realm of Zot.
 50891 | Depths:4 | Received a gift from Okawaru
 51205 | Depths:4 | Found Ohae's Magic Scroll Emporium.
 51206 | Depths:4 | Found Yveinof's Assorted Antiques.
 51253 | Depths:4 | Bought a scroll of blinking for 105 gold pieces
 51768 | Depths:4 | Identified the +10 arbalest of Interdependent Arising
                  | {freeze, Int+4 Dex+3}
 52017 | Zot:1    | Entered Level 1 of the Realm of Zot
 52348 | Zot:1    | Noticed an orb of fire
 52349 | Zot:1    | Gained mutation: You occasionally shout uncontrollably at
                  | your foes. [an orb of fire]
 52706 | Snake:1  | Bought a scroll of enchant weapon for 105 gold pieces
 52787 | Snake:4  | Bought a scroll of enchant weapon for 105 gold pieces
 52787 | Snake:4  | Bought a scroll of enchant weapon for 105 gold pieces
 53270 | Crypt:1  | Entered Level 1 of the Crypt
 53530 | Zot:1    | Killed an orb of fire
 53685 | Zot:1    | Reached XP level 25. HP: 191/212 MP: 17/35
 53899 | Zot:1    | Received a gift from Okawaru
 55508 | Zot:1    | Received a gift from Okawaru
 55509 | Arena    | Entered the Arena
 56590 | Zot:2    | Killed from afar by a white draconian stormcaller

Illustrated notes

Levels and vault maps discovered:
D:1:      dpeg_arrival_shelter, layout_basic
D:2:      layout_rooms, basic_altar, uniq_robin
D:3:      layout_rooms, serial_shops, shop, uniq_jessica,
          uniq_crazy_yiuf_cottage
D:4:      layout_rooms
D:5:      layout_cave_pools
D:6:      layout_layer_cave, minmay_temple_entry_antechambers
D:7:      layout_cave_pools, enter_bailey_2, kennysheep_generic_room_12,
          uniq_pikel
D:8:      layout_basic, hellmonk_guarded_unrand_night
D:9:      layout_roguey, lair_entry_dummy, serial_shops,
          nicolae_shop_tiny_waterfront, minivault_25_ag
D:10:     cheibrodos_orc_bank, layout_cave_pools, mainiacjoe_overflow_paths,
          david_orc_5, serial_shops, shop, gammafunk_ghost_berserking_beasts,
          einodemon_armed_red_devil_minivault, uniq_sonja, uniq_maggie
D:11:     layout_long_grid, uniq_maurice
D:12:     layout_loops_ring, uniq_josephine, uniq_urug
D:13:     layout_basic, serial_shops, nicolae_shop_stone,
          biasface_ghost_orc_armoury, minmay_joined_circles
D:14:     layout_irregular_city, ximxim_vaults_locker_room, serial_bayou_pond_a
D:15:     hangedman_depths_entry_civil_slaughter, layout_basic,
          nicolae_ru_path_of_blood, lemuel_flamethrower_2
Temple:   nicolae_temple_bog_church
Lair:1:   layout_regular_city
Lair:2:   lemuel_reptile_caves, layout_regular_city,
          mainiacjoe_swamp_entry_lozenge_pond, grunt_megastairs_2,
          serial_bayou_shore_b, uniq_erica
Lair:3:   layout_misc_corridors, alex1729_snake_entry_snake,
          grunt_forest_small_clearings, minmay_lair_oklob_bushes
Lair:4:   layout_roguey, chequers_serial_rivers_large_b, lemuel_fruit_fields,
          infiniplex_staircase_pool
Lair:5:   evil_forest, layout_layer_cave, minmay_slime_entry_oklob_open,
          hangedman_lair_generics_rect, uniq_nessos
Swamp:1:  layout_basic_swamp, evilmike_swamp_ruin_house_5, swamp_pool_4
Swamp:2:  layout_falls_marsh, evilmike_swamp_ruin_rubble_1, uniq_frances,
          uniq_louise
Swamp:3:  layout_basic_swamp, evilmike_swamp_ruin_house_2, swamp_pool_5
Swamp:4:  swamp, layout_basic_swamp, swamp_pool_1_2
Snake:1:  cheibrodos_toxic_ritual, layout_gridlike, st_stairs_11,
          nicolae_alphabet_shops, uniq_rupert
Snake:2:  layout_cave_shapes, special_room, lemuel_fruit_tree, uniq_aizul
Snake:3:  layout_gridlike, gammafunk_ghost_necromancy, basic_altar,
          uniq_vashnia, uniq_azrael, uniq_asterion, uniq_bai_suzhen
Snake:4:  grunt_snake_rune_serpentine_throne, layout_cave_town,
          ebering_ghost_reflecting_pool, serial_shops, shop, drop_trap,
          nicolae_zig_zag_zippers, uniq_nikola
Orc:1:    layout_caves
Orc:2:    grunt_orc_community_town_hall, layout_caves,
          grunt_orc_community_big_house_1, grunt_orc_community_big_house_1,
          grunt_orc_community_house_1, grunt_orc_community_house_2,
          grunt_orc_community_house_1, grunt_orc_community_house_2,
          grunt_orc_community_house_2, grunt_orc_community_house_1,
          nooodl_orcs_dogs
Vaults:1: nicolae_vaults_closet_pinwheel_1, nicolae_vaults_stand_back,
          nicolae_vaults_stepped_doors, hangedman_vaults_capsules,
          hangedman_vaults_hat, ontoclasm_vaults_decontamination,
          vaults_room_stairs_pillars, nicolae_vaults_weapon_check,
          nicolae_vaults_mini_display_case, grunt_vaults_hallway_short,
          ontoclasm_vaults_ring_large, vaults_dpeg_encased_lava,
          layout_vaults_omnicross, uniq_saint_roka, uniq_norris
Vaults:2: nicolae_vaults_network_periphery, nicolae_vaults_tetromino_Z_2,
          nicolae_vaults_storage_closets_3, grunt_vaults_diagonal,
          nicolae_vaults_twisting_passages, v_pattern_4, vaults_dpeg_ring,
          vaults_room_large_hall, layout_vaults_quadrants, serial_glass
Vaults:3: vaults_room_hallway, v_misc_29, ontoclasm_vaults_gateway,
          vaults_mumra_hex, nicolae_vaults_trapezoid_4,
          nicolae_vaults_windows_and_doors_thing, v_rooms_2,
          ontoclasm_vaults_misaligned, minmay_crypt_entry_simple_statues,
          vaults_room_pool, vaults_room_stairs_pillars,
          layout_vaults_chaotic_city, uniq_donald, uniq_frederick, uniq_mara
Vaults:4: nicolae_vaults_network_square, vaults_mumra_chevron_long,
          nicolae_vaults_storage_closets_1, nicolae_vaults_double_plus_1,
          v_misc_29, grunt_vaults_swirl, vaults_mumra_hexcomb,
          nicolae_vaults_specimen_jars, v_alt_pattern_3, nicolae_vaults_theta,
          nicolae_vaults_trapezoid_lopsided_3, nicolae_vaults_bisected_slash,
          hangedman_vaults_variations, nicolae_vaults_big_angled_halls,
          grunt_vaults_hallway_long, nicolae_vaults_off_center_swirl,
          layout_vaults_maze_bifur
Vaults:5
Crypt:1:  layout_rooms, grunt_megastairs_1, grunt_crypt_arrival_split
Depths:1: layout_cave_pools, hangedman_geh_valley, kennysheep_doodads,
          kennysheep_generic_room_10
Depths:2: constructs_gauntlet_mu_hangedman, layout_gridlike, hell_entry,
          muffindrake_ghost_three_little_ghosts, grunt_pan_entry_spiral,
          guppyfry_shop_earth
Depths:3: evilmike_silver_temple, layout_basic, enter_ziggurat_c,
          regret_index_abyss_entry_already_here, lightli_too_deep,
          rand_demon_pan_entry_4, minmay_staircase_bubble, uniq_sojobo
Depths:4: grunt_twist_and_shout, layout_basic, cheibriados_altar_1, hell_entry,
          minmay_shoptagon, serial_bayou_shore_b
Zot:1:    grunt_deathspiral_small, layout_cathedral_of_symmetry
Zot:2:    layout_basic

Skill      XL: |  1  2  3  4  5  6  7  8  9 10 11 12 13 14 15 16 17 18 19 20 21 22 23 24 25 |
---------------+----------------------------------------------------------------------------+-----
Polearms       | 5 6 7 9 11 13 15 16 18 19 21 22 24 25 26 27 | 27.0
Dodging        | 5 6 7 8 10 11 12 13 14 15 16 17 18 20 22 23 24 25 26 | 26.0
Throwing       | 3 4 5 7 8 9 10 11 12 13 14 16 17 | 17.3
Invocations    | 2 4 6 8 9 10 12 14 15 16 17 | 17.4
Fighting       | 3 5 7 8 10 11 12 14 15 17 18 19 20 21 | 21.2
Armour         | 3 |  3.1
Alchemy        | 5 13 16 18 19 20 | 20.3

Action                     |  1- 3 |  4- 6 |  7- 9 | 10-12 | 13-15 | 16-18 | 19-21 | 22-24 | 25-27 || total
---------------------------+-------+-------+-------+-------+-------+-------+-------+-------+-------++-------
  Melee: Trident           |   123 |   172 |   273 |       |       |       |       |       |       ||   568
         Tailslap          |       |       |     1 |       |     1 |       |    14 |     2 |       ||    18
         Halberd           |       |       |   141 |   141 |       |       |       |       |       ||   282
         Bardiche          |       |       |       |   405 |   182 |       |       |       |       ||   587
         Lochaber axe      |       |       |       |       |   566 |   651 |   931 |  1016 |   188 ||  3352
  Throw: Boomerang         |       |    14 |    41 |    56 |   205 |    62 |   295 |   178 |    30 ||   881
         Throwing net      |       |     2 |       |     1 |       |       |       |       |       ||     3
         Dart              |       |       |    14 |    28 |    23 |     4 |    18 |       |       ||    87
         Javelin           |       |       |     3 |     3 |    15 |     6 |    33 |     9 |    42 ||   111
   Cast: Alistair's Intoxi |       |       |       |       |       |       |     1 |     7 |       ||     8
 Invoke: Heroism           |       |       |       |     4 |     7 |     8 |     7 |    10 |     1 ||    37
         Receive Armour    |       |       |       |     1 |       |       |       |       |       ||     1
         Receive Weapon    |       |       |       |       |     1 |       |       |       |       ||     1
         Duel              |       |       |       |       |     1 |     1 |     2 |     2 |     1 ||     7
         Finesse           |       |       |       |       |       |     3 |     1 |     4 |     1 ||     9
  Evoke: Wand              |       |       |     1 |       |     2 |       |       |     1 |     1 ||     5
         Lightning rod     |       |       |       |       |       |     1 |       |     1 |       ||     2
    Use: Scroll            |       |       |     6 |    10 |    14 |       |     4 |    11 |     2 ||    47
         Potion            |       |       |     4 |       |     2 |     1 |     3 |       |     7 ||    17
   Stab: Held in net/web   |       |     2 |       |       |       |       |       |       |       ||     2
         Distracted        |       |       |     1 |     4 |     4 |     5 |     5 |       |     1 ||    20
         Sleeping          |       |       |     2 |     4 |    12 |     7 |    14 |       |       ||    39
         Invisible         |       |       |       |       |     5 |       |       |       |       ||     5
         Confused          |       |       |       |       |       |       |     5 |     8 |       ||    13
         Petrifying        |       |       |       |       |       |       |       |     1 |       ||     1
         Petrified         |       |       |       |       |       |       |       |     1 |       ||     1
 Armour: Leather armour    |    16 |       |       |       |       |       |       |       |       ||    16
         Ring mail         |    44 |   102 |   240 |    35 |       |       |       |       |       ||   421
         Robe              |       |       |       |   173 |   267 |   261 |   408 |   103 |       ||  1212
         Skin              |       |       |       |       |       |       |    31 |       |       ||    31
         Fire dragon scale |       |       |       |       |       |       |       |   391 |   142 ||   533
  Dodge: Dodged            |    79 |    87 |   305 |   529 |   515 |   525 |   928 |   539 |   150 ||  3657

Table legend: (Time is in decaauts)
 A = Elapsed time spent in this place.
 B = Non-inter-level travel time spent in this place.
 C = Inter-level travel time spent in this place.
 D = Time resting spent in this place.
 E = Time spent auto-exploring this place.
 F = Levels seen in this place.
 G = Mean time per level.
                   A        B        C        D        E       F      G
               +--------+--------+--------+--------+--------+-----+--------+
         Total |  55175 |  51136 |   4039 |   7435 |  34146 |  51 | 1081.9 |
       Dungeon |  14200 |  12836 |   1364 |   1163 |   9032 |  15 |  946.7 |
        Temple |     12 |      8 |      4 |      0 |      0 |   1 |   12.0 |
          Lair |   6691 |   6004 |    687 |    322 |   4574 |   5 | 1338.2 |
         Swamp |   3369 |   3266 |    103 |   1174 |   1518 |   4 |  842.2 |
     Snake Pit |   6571 |   6133 |    438 |   1185 |   3910 |   4 | 1642.8 |
  Orcish Mines |   3893 |   3698 |    195 |    378 |   2460 |   2 | 1946.5 |
        Vaults |   9412 |   8668 |    744 |   1128 |   5954 |   5 | 1882.4 |
         Crypt |      1 |      0 |      1 |      0 |      0 |   1 |    1.0 |
        Depths |   7363 |   6935 |    428 |    951 |   4969 |   4 | 1840.8 |
           Zot |   2952 |   2880 |     72 |   1008 |   1438 |   2 | 1476.0 |
        Bailey |    559 |    559 |      0 |     27 |    288 |   1 |  559.0 |
         Arena |    147 |    147 |      0 |     97 |      0 |   7 |   21.0 |
               +--------+--------+--------+--------+--------+-----+--------+

Top non-repeatable levels by time:
   Zot:1: 2920 daAuts
   Orc:2: 2626 daAuts
Depths:2: 2502 daAuts
Vaults:5: 2483 daAuts
  Lair:5: 2201 daAuts
Depths:3: 2187 daAuts
Vaults:4: 2072 daAuts
 Swamp:3: 1815 daAuts
 Snake:4: 1796 daAuts
 Snake:3: 1775 daAuts
Vaults:2: 1761 daAuts
    D:14: 1707 daAuts
Vaults:1: 1625 daAuts
Depths:4: 1607 daAuts
 Snake:1: 1579 daAuts
